 Dungeon Crawl Stone Soup version 0.30-a0-347-gf58ed5266c (webtiles) character file.

Game seed: 8408462904914075601

2142 mopl the Thaumaturge (level 9, -2/62 HPs)
             Began as a Purple Draconian Fire Elementalist on Nov 5, 2022.
             Was an Initiate of Vehumet.
             Slain by Duvessa
             ... wielding a +0 short sword
              (8 damage)
             ... on level 7 of the Dungeon on Nov 6, 2022.
             The game lasted 00:12:18 (5857 turns).

mopl the Thaumaturge (DrFE)                         Turns: 5857, Time: 00:12:19

Health: -2/62      AC:  8    Str: 12    XL:     9   Next: 9%
Magic:  16/21      EV: 12    Int: 19    God:    Vehumet [......]
Gold:   108        SH:  0    Dex: 11    Spells: 17/24 levels left

rFire   + . .      SeeInvis .    j - +2 falchion (vamp)
rCold   . . .      Faith    .    (no shield)
rNeg    . . .      Spirit   .    (body armour unavailable)
rPois   .          Reflect  .    (helmet restricted)
rElec   .          Harm     .    (no cloak)
rCorr   +          Rampage  .    k - +0 pair of gloves
Will    +....                    (no boots)
Stlth   ++........               y - amulet of the acrobat
HPRegen 0.30/turn                p - ring of resist corrosion
MPRegen 0.17/turn                i - ring of protection from fire

@: about to teleport, short of breath
A: breathe power, AC +7, unfitting armour, cold-blooded
a: Breathe Dispelling Energy, Renounce Religion


You were on level 7 of the Dungeon.
You worshipped Vehumet.
Vehumet was noncommittal.
You visited 2 branches of the dungeon, and saw 8 of its levels.

You collected 322 gold pieces.
You spent 214 gold pieces at shops.

Inventory:

Hand Weapons
 j - a +2 vampiric falchion (weapon)
 q - a +1 short sword of flaming
Missiles
 o - 11 poisoned darts
 u - 8 boomerangs
Armour
 k - a +0 pair of gloves (worn)
Jewellery
 i - a ring of protection from fire (right hand)
 p - a ring of resist corrosion (left hand)
 y - an amulet of the acrobat (around neck)
Wands
 v - a wand of iceblast (13)
 x - a wand of polymorph (4)
 B - a wand of acid (10)
Scrolls
 d - 2 scrolls of magic mapping {unknown}
 f - 3 scrolls of noise {unknown}
 g - a scroll of poison {unknown}
 h - 2 scrolls of teleportation
 l - a scroll of amnesia {unknown}
 m - 2 scrolls of blinking {unknown}
 n - 2 scrolls of vulnerability {unknown}
 A - 2 scrolls of torment {!r}
Potions
 a - a potion of magic
 b - a potion of mutation {!q}
 c - 2 potions of curing
 e - 2 potions of lignification {!q}
 r - 3 potions of haste
 s - a potion of flight
 t - a potion of ambrosia {unknown}
 w - a potion of resistance
 z - a potion of might


   Skills:
 - Level 1.7 Dodging
 - Level 1.7 Stealth
 + Level 8.0 Spellcasting
 + Level 6.9 Conjurations
 + Level 6.0 Fire Magic
 + Level 4.7 Evocations


You had 17 spell levels left.
You knew the following spells:

 Your Spells              Type           Power      Damage    Failure   Level
a - Foxfire               Conj/Fire      100%       2x1d9     1%          1
b - Scorch                Fire           60%        2d8       1%          2
c - Flame Wave            Conj/Fire      32%        2d9       6%          4

Your spell library contained the following spells:

 Spells                   Type           Power      Damage    Failure   Level
 Static Discharge         Conj/Air       40%        2-4/arc   3%          2
 Inner Flame              Hex/Fire       19%        N/A       8%          3
 Summon Small Mammal      Summ           28%        N/A       9%          1
 Kindle Blastsparks       Fire/Tloc/Air  30%        2d12      12%         3
 Ensorcelled Hibernation  Hex/Ice        14%        N/A       14%         2
 Call Canine Familiar     Summ           7%         N/A       26%         3
 Ozocubu's Armour         Ice            7%         N/A       26%         3
 Spider Form              Tmut/Pois      7%         N/A       26%         3
 Summon Guardian Golem    Hex/Summ       7%         N/A       26%         3
 Vhi's Electric Charge    Tloc/Air       14%        N/A       26%         3
 Arcjolt                  Conj/Air       10%        1d20      52%         5
 Lightning Bolt           Conj/Air       10%        1d23      52%         5
 Anguish                  Hex/Necr       3%         N/A       65%         4
 Ozocubu's Refrigeration  Ice            3%         4d8       100%        7


Dungeon Overview and Level Annotations

Branches:
Dungeon (7/15)             Temple (1/1) D:6

Altars:
Ashenzari
Cheibriados
Dithmenos
Elyvilon
Fedhas
Makhleb
Nemelex Xobeh
Okawaru
Ru
Vehumet
Xom
Yredelemnul
Zin
The Shining One

Shops:
D:5 *

Annotations:
D:7 Duvessa


Innate Abilities, Weirdness & Mutations

You can breathe bolts of dispelling energy.
Your rich purple scales are hard. (AC +7)
You cannot fit into any form of body armour.
You are cold-blooded and may be slowed by cold attacks.


Message History

The electric eel is engulfed in a cloud of scalding steam.
You kill the electric eel!
Vehumet accepts your kill.
You hear a splash.
The electric eel shoots out a bolt of lightning at you!
The bolt of electricity hits you!
You can't see any susceptible monsters within range! (Use Z to cast anyway.)
You enter the shallow water.
Moving in this stuff is going to be slow.
The electric eel shoots out a bolt of lightning at you!
The bolt of electricity hits you!
The electric eel shoots out a bolt of lightning at you!
The bolt of electricity hits you!
You are too injured to fight recklessly!
Casting: Scorch (safe; 1% risk of failure)
Confirm with . or Enter, or press ? or * to list all spells.
Flames lash the electric eel.
The electric eel is heavily wounded.
The electric eel's fire resistance burns away.
The electric eel is engulfed in a cloud of scalding steam.
You kill the electric eel!
Vehumet accepts your kill.
Your Spellcasting skill increases to level 8!
Unknown command.
Duvessa, Sister of Dowan comes into view.
She is wielding a +0 short sword and carrying a wand of flame (13).
Duvessa goes berserk!
Duvessa hits you with a +0 short sword!
Okay, then.
As you read the scroll of teleportation, it crumbles to dust.
You feel strangely unstable. Duvessa hits you with a +0 short sword.
Aiming: Breathe Dispelling Energy (4% risk of failure)
Press: ? - help, Shift-Dir - straight line, f - Duvessa
Aim: Duvessa, wielding a +0 short sword, wearing a +0 ring mail and carrying a wand of flame (13) (berserk, 65% to hit)
You breathe a bolt of dispelling energy.
The bolt of dispelling energy hits Duvessa!
Duvessa is lightly wounded.
Duvessa hits you with a +0 short sword!
* * * LOW HITPOINT WARNING * * *
Duvessa hits you with a +0 short sword!
You die...

#.# #####...###.####..e #.#
#.......# #........ #.#
#.#.....###.####>.. #.#
#.#.#.#.....# ##.#
###.#####.#.#.#.#.### #[#
#.........#.#.#.#.# #.#
#.#.####..#.#.#.#)# ##'# #.#.#
#..#.#.#)#.# ##...
.######...####..@e....#.# ##....
~~.~...~~.~[~÷..#..<.)..# ##.....
≈≈≈.≈≈≈≈≈.≈≈≈≈≈~###.<..####......
♣♣≈~≈♣♣♣≈~≈♣♣♣≈~..........'......
♣≈.≈ ♣≈.≈♣ ♣≈~.##....####......
♣≈~≈ ♣≈.≈♣♣♣≈.###.#.## ##.....
≈≈≈~≈ ≈≈~≈≈≈≈≈~###.### ##....
~~~.~ ~~.....~~..##.# ##... ≈≈≈.≈
≈≈≈~≈≈≈≈≈~....# ##+#


You could see Duvessa (berserk).

Vanquished Creatures
  Pikel (D:5)
  Edmund (D:5)
  2 black bears
  An orc warrior (D:7)
  A phantom (D:7)
  An ogre (D:4)
  A lemure (D:5)
  Blork the orc (D:6)
  2 necrophages
  A kobold brigand (D:6)
  3 bullfrogs (D:6)
  Dowan (D:7)
  A howler monkey (D:5)
  4 electric eels (D:7)
  3 jellies
  3 hounds
  3 orc priests
  Ijyb (D:5)
  An orc wizard (D:6)
  4 adders
  An ufetubus (D:5)
  A dart slug (D:4)
  16 orcs
  5 ball pythons
  5 bats
  3 endoplasms
  2 giant cockroaches (D:1)
  9 goblins
  8 hobgoblins
  7 jackals
  2 quokkas
  A frilled lizard (D:1)
  8 kobolds
  9 rats
113 creatures vanquished.

Vanquished Creatures (others)
  24 foxfires (D:1)
  5 toadstools (D:1)
29 creatures vanquished.

Grand Total: 142 creatures vanquished

Notes
Turn   | Place    | Note
-------+----------+-------------------------------------------
     0 | D:1      | mopl the Draconian Fire Elementalist began the quest for
                  | the Orb.
     0 | D:1      | Reached XP level 1. HP: 14/14 MP: 3/3
   182 | D:1      | Reached XP level 2. HP: 10/20 MP: 0/5
   282 | D:1      | Learned a level 2 spell: Scorch
   750 | D:1      | Reached XP level 3. HP: 26/26 MP: 2/6
   976 | D:1      | Reached skill level 2 in Conjurations
  1851 | D:3      | Reached XP level 4. HP: 33/33 MP: 2/8
  2198 | D:4      | Reached skill level 3 in Spellcasting
  2242 | D:4      | Reached skill level 4 in Fire Magic
  2315 | D:4      | Noticed an ogre
  2325 | D:4      | Killed an ogre
  2326 | D:4      | Reached skill level 3 in Conjurations
  2326 | D:4      | Reached XP level 5. HP: 35/38 MP: 3/10
  3075 | D:5      | Entered Level 5 of the Dungeon
  3075 | D:5      | Found a snail-covered altar of Cheibriados.
  3075 | D:5      | Found a basalt altar of Yredelemnul.
  3075 | D:5      | Found an iron altar of Okawaru.
  3102 | D:4      | Reached skill level 4 in Spellcasting
  3102 | D:4      | Reached XP level 6. HP: 11/45 MP: 1/12
  3233 | D:5      | Reached skill level 4 in Conjurations
  3395 | D:5      | Noticed Ijyb
  3410 | D:5      | Killed Ijyb
  3466 | D:5      | Noticed Edmund
  3608 | D:5      | Killed Edmund
  3609 | D:5      | Reached skill level 5 in Spellcasting
  3609 | D:5      | Reached skill level 5 in Conjurations
  3609 | D:5      | Your scales start taking on a rich purple colour.
  3609 | D:5      | Reached skill level 6 in Spellcasting
  3609 | D:5      | Reached XP level 7. HP: 40/50 MP: 2/16
  3706 | D:5      | Learned a level 4 spell: Flame Wave
  3737 | D:5      | Noticed Pikel
  4014 | D:5      | Found Bisijoyr's General Store.
  4023 | D:5      | Bought 2 scrolls of identify for 52 gold pieces
  4023 | D:5      | Bought a scroll of torment for 123 gold pieces
  4023 | D:5      | Bought a scroll of teleportation for 39 gold pieces
  4145 | D:5      | Killed Pikel
  4146 | D:5      | Reached skill level 2 in Evocations
  4146 | D:5      | Reached XP level 8. HP: 30/57 MP: 2/18
  4399 | D:6      | Found a broken altar of Ashenzari.
  4461 | D:6      | Reached skill level 7 in Spellcasting
  4461 | D:6      | Reached skill level 6 in Conjurations
  4461 | D:6      | Reached skill level 5 in Fire Magic
  4461 | D:6      | Reached skill level 3 in Evocations
  4470 | D:6      | Noticed Blork the orc
  4630 | D:6      | Killed Blork the orc
  4832 | D:6      | Found a staircase to the Ecumenical Temple.
  4847 | Temple   | Entered the Ecumenical Temple
  4963 | Temple   | Became a worshipper of Vehumet
  5177 | D:6      | Reached skill level 4 in Evocations
  5628 | D:7      | Noticed Dowan
  5648 | D:7      | Killed Dowan
  5775 | D:7      | Reached XP level 9. HP: 56/62 MP: 11/20
  5833 | D:7      | Reached skill level 6 in Fire Magic
  5844 | D:7      | Reached skill level 8 in Spellcasting
  5853 | D:7      | Noticed Duvessa
  5857 | D:7      | Slain by Duvessa

Illustrated notes

Levels and vault maps discovered:
D:1:      ldierk_walled_garden, layout_loops_corners
D:2:      layout_loops_ring
D:3:      layout_rooms, solitary_fountain
D:4:      layout_basic, minmay_surrounded
D:5:      layout_layer_cave, chequers_temple_overflow_statue_of_worship,
          serial_shops, shop, uniq_edmund, uniq_ijyb, uniq_pikel
D:6:      layout_gridville, cheibrodos_ashenzari_chains,
          minmay_temple_entry_offerings, uniq_blork_the_orc
D:7:      layout_loops_corners, hangedman_decor_slide_cut, kennysheep_boxes,
          uniq_duvessa
Temple:   regret_index_temple_generic_petals

Skill      XL: |  1  2  3  4  5  6  7  8  9 |
---------------+----------------------------+-----
Conjurations   | 2 3 5 6 |  6.9
Spellcasting   | 3 4 6 7 8 |  8.0
Fire Magic     | 4 5 6 |  6.0
Evocations     | 2 4 |  4.7
Dodging        | |  1.7
Stealth        | |  1.7

Action                   |  1- 3 |  4- 6 |  7- 9 || total
-------------------------+-------+-------+-------++-------
Melee: Unarmed           |    42 |     2 |       ||    44
       Tailslap          |     2 |     4 |     3 ||     9
       Short sword       |       |    14 |       ||    14
       Falchion          |       |    20 |    33 ||    53
 Cast: Foxfire           |    16 |       |       ||    16
       Scorch            |    38 |    43 |    82 ||   163
 Abil: Breathe Dispellin |       |       |     2 ||     2
Evoke: Wand              |       |       |     1 ||     1
  Use: Scroll            |       |     4 |     4 ||     8
Armor: Skin              |    28 |    17 |    19 ||    64
Dodge: Dodged            |    61 |    41 |    62 ||   164

Table legend: (Time is in decaauts)
 A = Elapsed time spent in this place.
 B = Non-inter-level travel time spent in this place.
 C = Inter-level travel time spent in this place.
 D = Time resting spent in this place.
 E = Time spent auto-exploring this place.
 F = Levels seen in this place.
 G = Mean time per level.
                   A        B        C        D        E       F      G
               +--------+--------+--------+--------+--------+-----+--------+
         Total |   5871 |   5621 |    250 |   1146 |   3401 |   8 |  733.9 |
       Dungeon |   5732 |   5504 |    228 |   1146 |   3296 |   7 |  818.9 |
        Temple |    138 |    116 |     22 |      0 |    105 |   1 |  138.0 |
               +--------+--------+--------+--------+--------+-----+--------+

Top non-repeatable levels by time:
     D:6: 1131 daAuts
     D:4: 1128 daAuts
     D:1: 1044 daAuts
     D:5: 938 daAuts
     D:2: 643 daAuts
     D:3: 493 daAuts
     D:7: 353 daAuts
  Temple: 138 daAuts
